cohdb
Replays
Latest Replays
All Replays
Popular Replays
Top Player Replays
Match Explorer
How It Works
Community
CoH3 Stats
Reddit
Sign in to upload your games and track your stats! →
Sign in with Steam
Match 42803234
Unlisted
Match 42803234
Overview
Messages
Build Orders
End
Scout Squad
Selects Special Operations Battlegroup
Selects M29 Weasel Recon Vehicle
M29 Weasel Recon Vehicle
Construct Weapon Support Center
M1919 Machine Gun Team
M1919 Machine Gun Team
M1919 Machine Gun Team
Selects Raiding Flares
Mechanized Support Center
M1919 Machine Gun Team
Designate Forward Repair Station
Bazooka Squad
Construct Medical Station
M3 Armored Personnel Carrier
Selects SSF Commando Squad
M3 Armored Personnel Carrier
SSF Commando Squad
SSF Commando Squad
Improved M9 Bazooka Rockets
Selects Air Re-supply Operation
Air Re-Supply Operation
Construct Tank Depot
M4A1 Sherman Medium Tank
M4A1 Sherman Medium Tank
M4A1 76mm Conversion
PAX AJAX
desertBeliever
0
0
Comments
sign in to comment!
No comments posted yet!